 Dungeon Crawl Stone Soup version 0.21-a0-228-g14ccbf3 (webtiles) character file.

182 Gorglomux the Chucker (level 5, -1/42 HPs)
             Began as a Demonspawn Hunter on Aug 31, 2017.
             Slain by a phantom (4 damage)
             ... on level 4 of the Dungeon.
             The game lasted 00:08:10 (4819 turns).

Gorglomux the Chucker (Demonspawn Hunter)           Turns: 4819, Time: 00:08:10

Health: -1/42      AC:  3    Str: 16    XL:     5   Next: 35%
Magic:  5/5        EV: 12    Int: 12    God:
Gold:   239        SH:  0    Dex: 13    Spells: 4/4 levels left

rFire    + . .     SeeInvis .   U - +0 whip (curse)
rCold    + . .     Gourm    .   (no shield)
rNeg     . . .     Faith    .   b - +0 leather armour
rPois    .         Spirit   .   (no helmet)
rElec    .         Reflect  .   (no cloak)
rCorr    .         Harm     .   (no gloves)
MR       .....                  (no boots)
Stlth    +.........             (no amulet)
HPRegen  0.14/turn              D - +2 ring of strength
MPRegen  0.09/turn              c - ring of protection from cold

@: no status effects
A: hooves 1, fire resistance 1
a: no special abilities


You were on level 4 of the Dungeon.
You were not hungry.

You visited 1 branch of the dungeon, and saw 4 of its levels.

You collected 239 gold pieces.

Inventory:

Hand Weapons
 a - a +0 short sword
 U - a cursed +0 whip (weapon)
Missiles
 M - 71 stones (quivered)
 O - 5 poisoned javelins
 Z - a throwing net
Armour
 b - a +0 leather armour (worn)
 F - a +0 shield
Jewellery
 c - a ring of protection from cold (right hand)
 D - a +2 ring of strength (left hand)
Scrolls
 H - a scroll of fear {unknown}
 K - 3 scrolls of enchant armour {unknown}
 L - a scroll of enchant weapon {unknown}
 P - 2 scrolls of remove curse {unknown}
 R - a scroll of magic mapping {unknown}
 S - a scroll of amnesia {unknown}
 X - 2 scrolls of teleportation {unknown}
 Y - 5 scrolls of identify {unknown}
Potions
 E - a potion of mutation {unknown}
 G - 2 potions of heal wounds {unknown}
 I - a potion of agility {unknown}
 J - a potion of might {unknown}
 V - 2 potions of haste {unknown}
 W - a potion of degeneration {unknown}
Comestibles
 f - 3 bread rations
 N - a chunk of flesh
 Q - 2 royal jellies


   Skills:
 + Level 4.2 Fighting
 + Level 5.0 Throwing
 - Level 1.7 Dodging
 - Level 0.8 Stealth


You had 4 spell levels left.
You didn't know any spells.

Dungeon Overview and Level Annotations

Branches:
Dungeon (4/15)
 Temple: D:4-7

Altars:
Ashenzari
Elyvilon
Kikubaaqudgha
Trog
Xom


Innate Abilities, Weirdness & Mutations

You have large cloven feet.
Your flesh is heat resistant. (rF+)


Message History

Press: ? - help, Shift-Dir - straight line, f/p - phantom
Aim: a phantom (moderately damaged)
You throw a butt! The stone closely misses the butt!
The phantom hits you! * * * don't die
* * * Unknown command!
You devastate the phantom!
The phantom is moderately damaged!
The phantom barely misses you!
You devastate the phantom but do no damage!
Your butt misses the phantom!
The phantom is moderately damaged!
The phantom barely misses you!
You closely miss the phantom!
The phantom is moderately damaged!
The phantom hits you but does no damage!
You closely miss the phantom!
The phantom is butt-ly damaged!
The phantom blinks!!!
The phantom hits you! rip

###########
#(...(.ยง@W#####
#.#>............
###
#.#(............
..
###.#.#####.##....
#. #...#.# .# ...
#.###.###.# =# ..
.##.......#.# .# .
........#.#.# .#
##....###.#.#.


You could see a phantom.

Vanquished Creatures
  5 adders
  An ooze (D:1)
  2 worms
  A dart slug (D:3)
  3 leopard geckos
  6 orcs (D:3)
  13 bats
  3 bat zombies (D:2)
  4 giant cockroaches
  11 goblins
  17 hobgoblins
  11 jackals
  4 kobolds
  4 quokkas
  A ball python (D:3)
  6 frilled lizards
  A jackal skeleton (D:4)
  10 rats
  2 rat zombies (D:2)
  2 bushes (D:1)
107 creatures vanquished.

Vanquished Creatures (others)
  2 fungi (D:2)
2 creatures vanquished.

Grand Total: 109 creatures vanquished

Notes
Turn   | Place    | Note
-------+----------+-------------------------------------------
     0 | D:1      | Gorglomux the Demonspawn Hunter began the quest for the Orb.
     0 | D:1      | Reached XP level 1. HP: 16/16 MP: 1/1
   609 | D:1      | Gained mutation: Your flesh is heat resistant. (rF+) [demonic ancestry]
   609 | D:1      | Reached XP level 2. HP: 23/23 MP: 2/2
  1058 | D:1      | Reached skill level 4 in Throwing
  1124 | D:1      | Reached XP level 3. HP: 13/28 MP: 3/3
  1426 | D:1      | Reached skill level 3 in Fighting
  2451 | D:2      | Reached XP level 4. HP: 27/35 MP: 4/4
  3011 | D:2      | Found an ancient bone altar of Kikubaaqudgha.
  3489 | D:3      | Found a shattered altar of Ashenzari.
  3498 | D:3      | Found a bloodstained altar of Trog.
  3498 | D:3      | Found an ornate altar of the Wu Jian Council.
  3500 | D:3      | Found a white marble altar of Elyvilon.
  3500 | D:3      | Found a shimmering altar of Xom.
  3500 | D:3      | Found a bloodstained altar of Trog.
  3840 | D:3      | Gained mutation: You have large cloven feet. [demonic ancestry]
  3840 | D:3      | Reached XP level 5. HP: 37/42 MP: 5/5
  4444 | D:3      | Reached skill level 5 in Throwing
  4784 | D:4      | Noticed a phantom
  4813 | D:4      | HP: 2/42 [phantom (4)]
  4819 | D:4      | Slain by a phantom

Vault maps used:
D:1:      wheals_arrival_linesprint, minmay_hedge_maze
D:2:      lemuel_zombie_altar_kikubaaqudgha, minmay_gold_behind_fungi
D:3:      doesnt_xom_only_xom, first_bread

Skill      XL: |  1  2  3  4  5 |
---------------+----------------+-----
Throwing       | 4 5 |  5.0
Fighting       | 3 4 |  4.2
Dodging        | |  1.7
Stealth        | |  0.8

Action                   |  1- 3 |  4- 6 || total
-------------------------+-------+-------++-------
Melee: Short sword       |   273 |       ||   273
       Whip              |   360 |   127 ||   487
       Kick              |       |    17 ||    17
Throw: Javelin           |    52 |    24 ||    76
       Stone             |     4 |   122 ||   126
       Throwing net      |       |     3 ||     3
  Eat: Chunk             |     3 |     7 ||    10
       Bread ration      |     1 |       ||     1
Armor: Leather armour    |    51 |    36 ||    87
Dodge: Dodged            |   168 |   131 ||   299

Table legend:
 A = Spawn XP
 B = Non-spawn XP
 C = Spawn XP percentage of total XP
 D = Spawn monster count
 E = Non-spawn monster count
 F = Spawn count percentage of total count
 G = Total turns spent on level
                    A         B        C        D         E        F      G
               +---------+---------+-------+---------+---------+-------+---------
         Total |      35 |     226 |  13.4 |      17 |      88 |  16.2 |  4819
               +---------+---------+-------+---------+---------+-------+---------
           D:1 |      19 |      43 |  30.6 |       9 |      25 |  26.5 |  2183
           D:2 |       1 |      79 |   1.2 |       1 |      37 |   2.6 |  1048
           D:3 |      15 |      89 |  14.4 |       7 |      24 |  22.6 |  1476
           D:4 |       0 |      15 |   0.0 |       0 |       2 |   0.0 |   112
               +---------+---------+-------+---------+---------+-------+---------
